 Dungeon Crawl Stone Soup version 0.29.1-12-g30fa7ad0bf (webtiles) character file.

Game seed: 2890956378152749533

51 croobank the Conjurer (level 3, -5/24 HPs)
             Began as a Demonspawn Conjurer on Dec 18, 2022.
             Slain by a gnoll
             ... wielding a +0 club
              (6 damage)
             ... on level 1 of the Dungeon.
             The game lasted 00:03:33 (1048 turns).

croobank the Conjurer (Demonspawn Conjurer)         Turns: 1048, Time: 00:03:33

Health: -5/24      AC:  3    Str:  7    XL:     3   Next: 57%
Magic:  2/6        EV: 12    Int: 21    God:
Gold:   73         SH:  0    Dex: 11    Spells: 0/6 levels left

rFire   . . .      SeeInvis .   a - +0 dagger (pain)
rCold   . . .      Faith    .   (no shield)
rNeg    . . .      Spirit   .   c - +1 robe
rPois   .          Reflect  .   (no helmet)
rElec   .          Harm     .   (no cloak)
rCorr   .          Rampage  .   (no gloves)
Will    .....                   (no boots)
Stlth   ++........              (no amulet)
HPRegen 0.08/turn               (no ring)
MPRegen 0.10/turn               (no ring)

@: no status effects
A: hooves 1
a: no special abilities


You were on level 1 of the Dungeon.
You visited 1 branch of the dungeon, and saw 2 of its levels.

You collected 73 gold pieces.

Inventory:

Hand Weapons
 a - a +0 dagger of pain (weapon)
 i - a +0 short sword
Armour
 c - a +1 robe (worn)
Scrolls
 e - 2 scrolls of enchant armour
Potions
 b - a potion of magic
 d - a potion of lignification {unknown}
 f - a potion of heal wounds {unknown}


   Skills:
 + Level 2.3 Dodging
 + Level 2.5 Stealth
 + Level 2.4 Spellcasting
 + Level 4.3 Conjurations


You couldn't memorise any spells.
You knew the following spells:

 Your Spells              Type           Power      Damage    Failure   Level
a - Magic Dart            Conj           80%        1d7       2%          1
b - Searing Ray           Conj           40%        2d5       3%          2
c - Dazzling Flash        Conj/Hex       22%        N/A       17%         3

Your spell library contained the following spells:

 Spells                   Type           Power      Damage    Failure   Level
 Fulminant Prism          Conj/Hex       5%         3d7       50%         4
 Iskenderun's Mystic Bla  Conj/Tloc      11%        2d4       50%         4


Dungeon Overview and Level Annotations

Branches:
Dungeon (2/15)

Altars:


Innate Abilities, Weirdness & Mutations

You have large cloven feet.


Message History

You hear a loud clanging noise!
It was a scroll of noise.
As you read the scroll labelled JUORAU NYNIELUCH, it crumbles to dust.
You feel momentarily disoriented.
It was a scroll of magic mapping.
(D) Dungeon
Where to? (Enter - D:1 @ (x,y), ? - help)
There is a stone staircase leading down here.
You climb downwards.
A phantom comes into view.
The gnoll hits you with a +0 club.
There is a stone staircase leading up here.
The gnoll barely misses you.
You climb upwards.
There is a stone staircase leading down here.
You barely miss the gnoll. Your kick misses the gnoll.
The gnoll barely misses you.
You barely miss the gnoll. The gnoll hits you with a +0 club.
You hit the gnoll but do no damage. You kick the gnoll.
Your punch misses the gnoll.
The gnoll is lightly wounded.
The gnoll hits you with a +0 club!
You are too injured to fight recklessly!
Casting: Magic Dart (safe; 2% risk of failure)
Confirm with . or Enter, or press ? or * to list all spells.
Aiming: Searing Ray (safe; 3% risk of failure)
Press: ? - help, Shift-Dir - straight line, f - gnoll
Aim: a gnoll, wielding a +0 club (81% to hit)
The searing ray hits the gnoll.
The gnoll is moderately wounded. (Press . to maintain the ray.)
The gnoll hits you with a +0 club!
* * * LOW HITPOINT WARNING * * *
The searing ray hits the gnoll.
The gnoll is heavily wounded.
The gnoll hits you with a +0 club.
* * * LOW HITPOINT WARNING * * *
The searing ray hits the gnoll.
The gnoll is almost dead.
The gnoll hits you with a +0 club.
You die...

.#####......)......##...........#
.##....##...##.....##...........#
>##.#.##..#.##..........#######..
......##.##.##..........# #####
.#######.##.##..........#####....
......[..##.##...................
.........##.##..........####.....
........[##.##..g........####....
................@................
.........##.#..)............#....
..................###)#####......
..........##......###.# ###....
.............##...##..##### #....
...#......)...............#####..
..##.........###.............##..
#............###(.........##.##..
####......................##.....


You could see a gnoll.

Vanquished Creatures
  2 gnolls (D:1)
  A dart slug (D:1)
  5 ball pythons (D:1)
  4 endoplasms (D:1)
  A giant cockroach (D:1)
  4 goblins (D:1)
  3 hobgoblins (D:1)
  3 kobolds (D:1)
  A quokka (D:1)
  2 bats (D:1)
  A rat (D:1)
27 creatures vanquished.

Notes
Turn   | Place    | Note
-------+----------+-------------------------------------------
     0 | D:1      | croobank the Demonspawn Conjurer began the quest for the
                  | Orb.
     0 | D:1      | Reached XP level 1. HP: 13/13 MP: 3/3
   182 | D:1      | Discovered your monstrous ancestry.
   182 | D:1      | Gained mutation: You have large cloven feet. [demonic
                  | ancestry]
   182 | D:1      | Reached XP level 2. HP: 16/19 MP: 1/5
   185 | D:1      | Learned a level 2 spell: Searing Ray
   374 | D:1      | Reached XP level 3. HP: 10/24 MP: 0/6
   378 | D:1      | Learned a level 3 spell: Dazzling Flash
  1040 | D:2      | Noticed a phantom
  1047 | D:1      | HP: 1/24 [gnoll/+0 club (3)]
  1048 | D:1      | Slain by a gnoll

Illustrated notes

Levels and vault maps discovered:
D:1:      dpeg_arrival_tiny_k, layout_rooms
D:2:      layout_loops_cross, uniq_jessica

Skill      XL: |  1 |
---------------+----+-----
Dodging        | 2 |  2.3
Stealth        | 2 |  2.5
Spellcasting   | |  2.4
Conjurations   | |  4.3

Action                   || total
-------------------------++-------
Melee: Short sword       ||     8
       Kick              ||     3
       Dagger            ||     3
 Cast: Magic Dart        ||    43
       Searing Ray       ||     2
  Use: Scroll            ||     3
Armor: Robe              ||     4
Dodge: Dodged            ||     7
